 Dungeon Sprint DCSS version 0.27-a0-1565-gad902ab807 (webtiles) character file.

Game seed: 10302512070139094115

371 mhtbhm the Protected (level 6, 0/63 HPs)
             Began as a Minotaur Fighter on July 16, 2021.
             Was an Initiate of Qazlal.
             Slain by a two-headed ogre (7 damage)
             ... in the Dungeon (Sprint IX: "|||||||||||||||||||||||||||||").
             The game lasted 00:01:07 (504 turns).

mhtbhm the Protected (Minotaur Fighter)              Turns: 504, Time: 00:01:07

Health: 0/63       AC:  8    Str: 22    XL:     6   Next: 42%
Magic:  5/5        EV:  9    Int:  5    God:    Qazlal [......]
Gold:   0          SH: 11    Dex: 10    Spells: 5/5 levels left

rFire    . . .     SeeInvis .   a - +0 war axe
rCold    . . .     Faith    .   c - +0 kite shield
rNeg     . . .     Spirit   .   b - +0 scale mail
rPois    .         Reflect  .   (helmet restricted)
rElec    .         Harm     .   (no cloak)
rCorr    .         Rampage  .   (no gloves)
Will     .....     NoTele   +   (no boots)
Stlth    ..........             (no amulet)
HPRegen  0.20/turn              (no ring)
MPRegen  0.09/turn              (no ring)

@: very slightly contaminated, invisible
A: horns 2, retaliatory headbutt
a: Renounce Religion


You were in the Dungeon.
You worshipped Qazlal.
Qazlal was noncommittal.
You visited 1 branch

Inventory:

Hand Weapons
 a - a +0 war axe (weapon)
Armour
 b - a +0 scale mail (worn)
 c - a +0 kite shield (worn)
Jewellery
 m - a +2 ring of protection
 n - a +2 ring of protection
Wands
 l - a wand of iceblast (10)
Scrolls
 j - 2 scrolls of blinking
 k - 2 scrolls of amnesia
Potions
 d - a potion of might
 e - 5 potions of curing
 f - 2 potions of heal wounds
 g - a potion of haste
 h - 4 potions of magic


   Skills:
 + Level 9.1 Fighting
 + Level 7.6 Axes
 + Level 9.9 Armour
 + Level 2.0 Dodging
 + Level 0.7 Stealth
 + Level 8.6 Shields


You had 5 spell levels left.
You didn't know any spells.
Your spell library was empty.

Dungeon Overview and Level Annotations

Branches:
Dungeon (1/1)

Altars:
Cheibriados
Dithmenos
Elyvilon
Fedhas
Gozag
Hepliaklqana
Kikubaaqudgha
Makhleb
Nemelex Xobeh
Okawaru
Qazlal
Ru
Sif Muna
Trog
Uskayaw
Vehumet
Wu Jian
Xom
Yredelemnul
Zin
The Shining One
Beogh
Jiyva
Lugonu


Innate Abilities, Weirdness & Mutations

You have a pair of horns on your head.
You reflexively headbutt those who attack you in melee.


Message History

You hit the yak. You headbutt the yak!
You kill the yak!
Qazlal accepts your kill.
Your Fighting skill increases to level 9!
Your Axes skill gained 2 levels and is now at level 7!
Your Armour skill increases to level 9!
Your Dodging skill increases to level 2!
Your Shields skill increases to level 8!
You have reached level 6!
Your experience leads to an increase in your attributes!
Increase (S)trength, (I)ntelligence, or (D)exterity?
You feel stronger.
Unknown command.
Unknown command.
You fade into invisibility!
You block the two-headed ogre's attack. x2
You are very lightly contaminated with residual magic.
You slash the two-headed ogre!
The two-headed ogre is moderately wounded.
The two-headed ogre barely misses you. The two-headed ogre closely misses you.
You strike the helpless two-headed ogre from behind!
You slash the two-headed ogre!
Your headbutt misses the two-headed ogre.
The two-headed ogre is heavily wounded.
You block the two-headed ogre's attack.
The two-headed ogre hits you with a +0 giant club!!
You closely miss the two-headed ogre. You headbutt the two-headed ogre!
The two-headed ogre is heavily wounded.
The two-headed ogre closely misses you.
The two-headed ogre hits you with a +0 giant club!
* * * LOW HITPOINT WARNING * * *
You slash the two-headed ogre!
Your headbutt misses the two-headed ogre.
The two-headed ogre is severely wounded.
You block the two-headed ogre's attack. x2
You barely miss the two-headed ogre.
The two-headed ogre is severely wounded.
The two-headed ogre barely misses you.
The two-headed ogre hits you with a +0 giant club!
You die...

▓.▓
▓.▓
▓)▓
▓.▓
▓[▓
▓[▓
▓[▓
▓.▓
▓@▓
▓O▓
▓W▓
▓Z▓
▓Z▓
▓.▓
▓.▓
▓.▓


You could see a two-headed ogre, a wraith, a bat zombie and an adder zombie.

Vanquished Creatures
  A yak (D)
  A sky beast (D)
  An ogre (D)
  A wight (D)
  An orc (D)
  A bat (D)
  A bat zombie (D)
  An endoplasm (D)
  2 quokkas (D)
  2 rats (D)
12 creatures vanquished.

Notes
Turn   | Place    | Note
-------+----------+-------------------------------------------
     0 | D        | mhtbhm the Minotaur Fighter began the quest for the Orb.
     0 | D        | Reached XP level 1. HP: 19/19 MP: 0/0
   216 | D        | Noticed an ogre
   216 | D        | Noticed a sky beast
   220 | D        | Reached XP level 2. HP: 25/28 MP: 1/1
   224 | D        | Killed an ogre
   225 | D        | Reached XP level 3. HP: 34/38 MP: 2/2
   225 | D        | Reached XP level 4. HP: 40/45 MP: 3/3
   231 | D        | Killed a sky beast
   232 | D        | Reached skill level 5 in Axes
   232 | D        | Reached skill level 1 in Dodging
   232 | D        | Reached XP level 5. HP: 23/53 MP: 4/4
   239 | D        | Found a snail-covered altar of Cheibriados.
   239 | D        | Found a shadowy altar of Dithmenos.
   239 | D        | Found a white marble altar of Elyvilon.
   239 | D        | Found a blossoming altar of Fedhas.
   239 | D        | Found an opulent altar of Gozag.
   240 | D        | Found a hazy altar of Hepliaklqana.
   241 | D        | Found a viscous altar of Jiyva.
   242 | D        | Found an ancient bone altar of Kikubaaqudgha.
   243 | D        | Found a corrupted altar of Lugonu.
   244 | D        | Found a burning altar of Makhleb.
   245 | D        | Found a sparkling altar of Nemelex Xobeh.
   246 | D        | Found an iron altar of Okawaru.
   247 | D        | Found a stormy altar of Qazlal.
   248 | D        | Found a sacrificial altar of Ru.
   249 | D        | Found a shimmering blue altar of Sif Muna.
   250 | D        | Found a bloodstained altar of Trog.
   251 | D        | Found a hide-covered altar of Uskayaw.
   252 | D        | Found a radiant altar of Vehumet.
   253 | D        | Found an ornate altar of the Wu Jian Council.
   254 | D        | Found a shimmering altar of Xom.
   445 | D        | Found a basalt altar of Yredelemnul.
   446 | D        | Found a glowing silver altar of Zin.
   447 | D        | Found a glowing golden altar of the Shining One.
   459 | D        | Became a worshipper of Qazlal Stormbringer
   486 | D        | Noticed a yak
   486 | D        | Noticed a two-headed ogre
   486 | D        | Noticed a wraith
   498 | D        | Killed a yak
   499 | D        | Reached XP level 6. HP: 41/63 MP: 5/5
   504 | D        | Slain by a two-headed ogre

Illustrated notes

Levels and vault maps discovered:
D:        linesprint [early_d, line_temple, items_1, d_10, items_2, lair_1,
          lair_end, items_3, orc_1, orc_end, items_4, d_15, swamp_1, shoals_1,
          snake_1, spider_1, d_20, vaults_1, items_5, swamp_end, shoals_end,
          snake_end, spider_end, vaults_end, d_27, items_6, zot_1, zot_end,
          crypt_end, forest_end, elf_end, slime_end, tomb_end, abyss_end,
          pan_hell_end]

Skill      XL: |  1  2  3  4  5 |
---------------+----------------+-----
Fighting       | 4 6 7 9 |  9.1
Armour         | 4 6 8 9 |  9.9
Shields        | 4 6 7 8 |  8.6
Axes           | 4 5 7 |  7.6
Dodging        | 1 2 |  2.0
Stealth        | |  0.7

Action                   |  1- 3 |  4- 6 || total
-------------------------+-------+-------++-------
Melee: War axe           |    21 |    24 ||    45
       Headbutt          |     2 |     9 ||    11
  Use: Potion            |     1 |     2 ||     3
 Stab: Invisible         |       |     1 ||     1
Armor: Scale mail        |     7 |     5 ||    12
Dodge: Dodged            |     6 |     7 ||    13
Block: Kite shield       |    12 |     9 ||    21

Table legend: (Time is in decaauts)
 A = Elapsed time spent in this place.
 B = Non-inter-level travel time spent in this place.
 C = Inter-level travel time spent in this place.
 D = Time resting spent in this place.
 E = Time spent auto-exploring this place.
 F = Levels seen in this place.
 G = Mean time per level.
                   A        B        C        D        E       F      G
               +--------+--------+--------+--------+--------+-----+--------+
         Total |    528 |    528 |      0 |    381 |      0 |   1 |  528.0 |
       Dungeon |    528 |    528 |      0 |    381 |      0 |   1 |  528.0 |
               +--------+--------+--------+--------+--------+-----+--------+

Top non-repeatable levels by time:
       D: 528 daAuts
